 Seeded DCSS version 0.29.1-15-g9cfb28693d (webtiles) character file.

Game seed: 12113030075061518348 (custom seed)

3668 Gelion the Destroyer (level 9, -10/69 HPs)
             Began as a Demonspawn Conjurer on Mar 11, 2023.
             Was an Initiate of Gozag.
             Mangled by a two-headed ogre
             ... wielding a +0 giant club
              (12 damage)
             ... on level 8 of the Dungeon.
             The game lasted 00:23:04 (7047 turns).

Gelion the Destroyer (Demonspawn Conjurer)          Turns: 7047, Time: 00:23:05

Health: -10/69     AC: 10    Str:  9    XL:     9   Next: 89%
Magic:  16/18      EV: 12    Int: 23    God:    Gozag
Gold:   686        SH:  0    Dex: 11    Spells: 17/20 levels left

rFire   . . .      SeeInvis .   d - +1 quarterstaff
rCold   . . .      Faith    .   (shield currently unavailable)
rNeg    . . .      Spirit   .   p - +2 robe {Will+}
rPois   .          Reflect  .   r - +1 helmet
rElec   +          Harm     .   (no cloak)
rCorr   .          Rampage  .   (no gloves)
Will    +....                   (no boots)
Stlth   ++........              z - amulet of regeneration
HPRegen 1.01/turn               (no ring)
MPRegen 0.32/turn               (no ring)

@: about to teleport
A: thin metallic scales 3, powered by death 1, magic regeneration, demonic touch
1
a: Renounce Religion, Potion Petition, Call Merchant, Bribe Branch


You were on level 8 of the Dungeon.
You worshipped Gozag.
Gozag was pleased with you.
You visited 2 branches of the dungeon, and saw 9 of its levels.

You collected 782 gold pieces.
You paid 96 gold pieces to Gozag.

Inventory:

Hand Weapons
 d - a +1 quarterstaff (weapon)
Missiles
 m - 4 javelins (quivered)
Armour
 p - a +2 robe of willpower (worn)
 r - a +1 helmet (worn)
 w - a +0 kite shield
 y - a +0 pair of gloves
Jewellery
 v - a ring of ice
 z - an amulet of regeneration (around neck)
Scrolls
 c - 2 scrolls of teleportation
 e - a scroll of magic mapping
 l - a scroll of enchant weapon
 q - 3 scrolls of amnesia {unknown}
 u - 2 scrolls of poison {unknown}
 C - a scroll of butterflies {unknown}
 D - a scroll of noise {unknown}
Potions
 b - 2 potions of magic
 f - 2 potions of might
 g - a potion of flight
 h - a potion of resistance {unknown}
 i - a potion of lignification
 k - 3 potions of curing
 s - a potion of mutation {unknown}
 t - a potion of heal wounds {unknown}
 x - 2 potions of brilliance
 A - a potion of degeneration {unknown}
 B - a potion of cancellation {unknown}


   Skills:
 + Level 6.2 Fighting
 + Level 5.5 Staves
 - Level 1.7 Dodging
 - Level 1.7 Stealth
 + Level 6.1 Spellcasting
 * Level 10.0 Conjurations


You had 17 spell levels left.
You knew the following spells:

 Your Spells              Type           Power      Damage    Failure   Level
a - Magic Dart            Conj           100%       1d8       1%          1
b - Searing Ray           Conj           100%       2d8       1%          2

Your spell library contained the following spells:

 Spells                   Type           Power      Damage    Failure   Level
 Foxfire                  Conj/Fire      100%       2x1d9     1%          1
 Conjure Flame            Conj/Fire      30%        6-21      3%          3
 Dazzling Flash           Conj/Hex       60%        N/A       3%          3
 Flame Wave               Conj/Fire      30%        2d9       11%         4
 Fulminant Prism          Conj/Hex       15%        3d11      11%         4
 Iskenderun's Mystic Bla  Conj/Tloc      30%        2d8       11%         4
 Frozen Ramparts          Ice            14%        1d3       26%         3
 Inner Flame              Hex/Fire       7%         N/A       26%         3
 Ice Form                 Ice/Tmut       7%         N/A       63%         4
 Summon Ice Beast         Ice/Summ       7%         N/A       63%         4


Dungeon Overview and Level Annotations

Branches:
Dungeon (8/15)             Temple (1/1) D:5
   Lair: D:8-11

Altars:
Ashenzari
Cheibriados
Dithmenos
Fedhas
Gozag
Hepliaklqana
Kikubaaqudgha
Makhleb
Nemelex Xobeh
Okawaru
Qazlal
Ru
Trog
Uskayaw
Wu Jian
Xom
Yredelemnul


Innate Abilities, Weirdness & Mutations

You are completely covered in thin metallic scales. (AC +4, rElec)
You regenerate a little health from kills.
You regenerate magic rapidly.
Your touch may inflict minor irresistible damage on your foes.


Message History

The magic dart hits the two-headed ogre.
The two-headed ogre is lightly wounded.
Casting: Magic Dart (safe; 1% risk of failure)
Confirm with . or Enter, or press ? or * to list all spells.
Aiming: Searing Ray (safe; 1% risk of failure)
Press: ? - help, Shift-Dir - straight line, f/p - two-headed ogre
Aim: a two-headed ogre, wielding two +0 giant clubs (92% to hit)
The searing ray hits the two-headed ogre!
The two-headed ogre is lightly wounded. (Press . to maintain the ray.)
The searing ray misses the two-headed ogre.
The searing ray hits the two-headed ogre!
The two-headed ogre is moderately wounded.
You barely miss the two-headed ogre.
The two-headed ogre is moderately wounded.
The two-headed ogre hits you with a +0 giant club!!
The two-headed ogre hits you with a +0 giant club.
You hit the two-headed ogre.
The two-headed ogre is heavily wounded.
You hit the two-headed ogre.
The two-headed ogre is heavily wounded.
The two-headed ogre hits you with a +0 giant club.
The two-headed ogre misses you.
You hit the two-headed ogre.
The two-headed ogre is heavily wounded.
The two-headed ogre hits you with a +0 giant club!
The two-headed ogre hits you with a +0 giant club!!
* * * LOW HITPOINT WARNING * * *
You barely miss the two-headed ogre.
The two-headed ogre is heavily wounded.
Unknown command.
You feel better.
The two-headed ogre completely misses you.
The two-headed ogre hits you with a +0 giant club!
* * * LOW HITPOINT WARNING * * *
As you read the scroll of teleportation, it crumbles to dust.
You feel strangely unstable. The two-headed ogre misses you.
The two-headed ogre hits you with a +0 giant club!
You die...
Your body crumbles into a pile of gold.

######...##
###..##
*,,,** ##[.#
##..##*,,,,**
#..#
##..#*,,,,,**
#..#
#..#***,,,,*
*#..# #..#
**,,,******
***...# ##.##
**,,,,,,,,
****,,...#
#..#
*,,,,,,,,
,,,,,,,,,**
#.##
*,,,,****
*******,,,**
#@#* *,,,** *
**,,,,* #.O#*
*,,,*
**>,,,,*
##..#* *,,,*
**,,**,,*
*#..#* *,,**
**,,****,*
*#..#***,,*
**,,** *,**
*#...*****
**,,** *,,*
*....* *,,**
*,,* **...* *
,,** *,,**
***,,,** ***


You could see a two-headed ogre.

Vanquished Creatures
  Prince Ribbit (D:6)
  Sigmund (D:4)
  4 yaks (D:7)
  A wyvern (D:8)
  2 water moccasins (D:5)
  2 sky beasts (D:6)
  3 ogres
  2 centaurs
  2 kobold brigands
  A phantom (D:5)
  A bullfrog (D:7)
  2 necrophages
  7 scorpions
  6 killer bees (D:7)
  2 howler monkeys (D:6)
  2 jellies
  4 hounds
  4 iguanas
  Terence (D:3)
  3 orc wizards
  Robin (D:4)
  3 gnolls (D:3)
  8 adders
  A shadow imp (D:6)
  2 white imps
  2 ufetubi
  A dart slug (D:2)
  8 orcs
  8 ball pythons
  7 bats
  6 endoplasms
  5 giant cockroaches
  18 goblins
  13 hobgoblins
  5 quokkas
  4 frilled lizards
  11 kobolds
  A rat (D:3)
155 creatures vanquished.

Vanquished Creatures (others)
  8 plants (D:3)
8 creatures vanquished.

Grand Total: 163 creatures vanquished

Notes
Turn   | Place    | Note
-------+----------+-------------------------------------------
     0 | D:1      | Gelion the Demonspawn Conjurer began the quest for the Orb.
     0 | D:1      | Reached XP level 1. HP: 13/13 MP: 3/3
   313 | D:1      | Gained mutation: You are partially covered in thin metallic
                  | scales. (AC +2) [demonic ancestry]
   313 | D:1      | Reached XP level 2. HP: 13/20 MP: 0/5
   751 | D:1      | Reached skill level 1 in Fighting
   859 | D:1      | Found a faded altar of an unknown god.
   875 | D:1      | Gained mutation: You are mostly covered in thin metallic
                  | scales. (AC +3) [demonic ancestry]
   875 | D:1      | Reached XP level 3. HP: 20/26 MP: 0/6
  1335 | D:2      | Learned a level 2 spell: Searing Ray
  1368 | D:2      | Reached skill level 1 in Staves
  1574 | D:2      | Gained mutation: Your touch may inflict minor irresistible
                  | damage on your foes. [demonic ancestry]
  1574 | D:2      | Reached XP level 4. HP: 32/32 MP: 2/7
  2077 | D:3      | Noticed Terence
  2088 | D:3      | Killed Terence
  2279 | D:3      | Reached skill level 5 in Conjurations
  2428 | D:3      | Reached XP level 5. HP: 36/38 MP: 0/9
  2721 | D:4      | Noticed Robin
  2817 | D:4      | Noticed Sigmund
  2993 | D:4      | Killed Sigmund
  2994 | D:4      | Gained mutation: You regenerate a little health from kills.
                  | [demonic ancestry]
  2994 | D:4      | Reached XP level 6. HP: 46/46 MP: 1/10
  3203 | D:4      | Killed Robin
  3207 | D:4      | Reached skill level 6 in Conjurations
  3985 | D:4      | Gained mutation: You regenerate magic rapidly. [demonic
                  | ancestry]
  3985 | D:4      | Reached XP level 7. HP: 51/51 MP: 4/12
  4082 | D:4      | Identified the +10 mace of Destiny {antimagic, rF+ rC-
                  | Dex+6}
  4227 | D:5      | Entered Level 5 of the Dungeon
  4545 | D:5      | Found a staircase to the Ecumenical Temple.
  4615 | D:5      | Reached skill level 7 in Conjurations
  4735 | D:5      | Reached XP level 8. HP: 60/60 MP: 8/14
  5198 | Temple   | Entered the Ecumenical Temple
  5345 | Temple   | Became a worshipper of Gozag Ym Sagoz the Greedy
  5509 | D:6      | Reached skill level 8 in Conjurations
  5689 | D:6      | Noticed Prince Ribbit
  5699 | D:6      | Killed Prince Ribbit
  5700 | D:6      | Reached skill level 5 in Spellcasting
  5762 | D:6      | Reached skill level 5 in Fighting
  5762 | D:6      | Gained mutation: You are completely covered in thin
                  | metallic scales. (AC +4, rElec) [demonic ancestry]
  5762 | D:6      | Reached XP level 9. HP: 52/68 MP: 6/16
  5979 | D:6      | Identified the amulet of the Skies Above {Faith rC+ Int-4
                  | Stlth+}
  6293 | D:7      | Reached skill level 9 in Conjurations
  6436 | D:7      | Reached skill level 5 in Staves
  6991 | D:8      | Identified a scroll of acquirement
  6991 | D:8      | Acquired a book of Flames
  7009 | D:8      | Reached skill level 10 in Conjurations
  7035 | D:8      | Noticed a two-headed ogre
  7046 | D:8      | HP: 1/69 [two-headed ogre/+0 giant club (11)]
  7047 | D:8      | Mangled by a two-headed ogre

Illustrated notes

Levels and vault maps discovered:
D:1:      amcnicky_arrival_flooded_fountain, layout_rooms,
          shapermc_ecumenical_altar_venn
D:2:      layout_basic, basic_altar
D:3:      layout_rooms, serial_bayou, serial_bayou_lake_a, serial_bayou_pond_b,
          serial_bayou_pond_e, serial_bayou_pond_c, serial_bayou_crossing,
          uniq_terence
D:4:      minmay_door_path, layout_gridville, uniq_sigmund, uniq_robin
D:5:      layout_cave_pools, minmay_temple_entry_hall,
          chequers_serial_rivers_small_b, reono_crystal_passage
D:6:      layout_rooms, uniq_prince_ribbit1
D:7:      layout_gridville
D:8:      layout_layer_cave, uniq_erica
Temple:   nicolae_temple_slightly_damp_pantheon

Skill      XL: |  1  2  3  4  5  6  7  8  9 |
---------------+----------------------------+-----
Fighting       | 1 2 3 5 6 |  6.2
Staves         | 1 2 3 4 5 |  5.5
Conjurations   | 5 6 7 8 10 | 10.0
Spellcasting   | 3 4 5 6 |  6.1
Dodging        | |  1.7
Stealth        | |  1.7

Action                   |  1- 3 |  4- 6 |  7- 9 || total
-------------------------+-------+-------+-------++-------
Melee: Quarterstaff      |    17 |    34 |    60 ||   111
Throw: Javelin           |       |     4 |       ||     4
 Cast: Magic Dart        |    86 |    63 |   136 ||   285
       Searing Ray       |       |     9 |    55 ||    64
  Use: Potion            |       |     3 |     1 ||     4
       Scroll            |       |     1 |     8 ||     9
Armor: Robe              |     7 |    10 |    74 ||    91
       Skin              |       |     8 |       ||     8
Dodge: Dodged            |    18 |    37 |   126 ||   181
